AoeStats
← Irving Legend

Arabia

506895047Analyzed
1v1 RM · 18d ago on Sep 15, 2026· 78m 26s· 2 players
Game mode
Random Map
Map size
Tiny (2 player)
Population
200
Speed
Normal
Resources
Standard
Victory
Conquest
Starting age
Dark Age
Ending age
Imperial Age
RankedLock teamsTeams togetherTeam positionsShared explorationLock speedFull tech treeHidden civsTurbo modeCheats
Victory
Defeat
🇨🇦 Romans · Canada
1144
+16
🇦🇷 Poles · Argentina
1150
-16
Irving Legend
6:25 Loom
9:23 Feudal Age
9:30 Man-at-Arms
11:36 Town Watch
13:40 Double-Bit Axe
16:31 Wheelbarrow
19:59 Castle Age
18:11 Gold Mining
18:03 Horse Collar
19:32 Scale Barding Armor
19:28 Scale Mail Armor
20:24 Bloodlines
20:48 Forging
22:40 Bow Saw
23:50 Iron Casting
24:09 Chain Barding Armor
30:46 Husbandry
34:30 Bow Saw
39:39 Imperial Age
38:17 Hand Cart
38:36 Heavy Plow
39:33 Ballistics
39:23 Masonry
39:57 Cavalier
41:16 Plate Barding Armor
40:57 Chain Mail Armor
42:04 Iron Casting
42:11 Ballistas
42:27 Conscription
44:07 Siege Engineers
44:34 Architecture
46:48 Blast Furnace
47:38 Fletching
49:07 Bodkin Arrow
50:24 Gold Shaft Mining
50:39 Comitatenses
51:44 Light Cavalry
59:08 Long Swordsman
59:14 Pikeman
60:28 Squires
60:59 Halberdier
felix1997
6:49 Loom
9:23 Feudal Age
20:35 Castle Age
18:55 Gold Mining
18:52 Double-Bit Axe
19:00 Fletching
20:22 Bloodlines
20:15 Padded Archer Armor
20:32 Horse Collar
21:33 Bodkin Arrow
22:12 Husbandry
24:22 Scale Barding Armor
23:38 Light Cavalry
24:52 Bow Saw
30:38 Wheelbarrow
30:05 Heavy Plow
32:37 Hand Cart
36:14 Imperial Age
34:37 Chain Barding Armor
34:28 Forging
34:34 Leather Archer Armor
35:40 Thumb Ring
35:53 Szlachta Privileges
37:00 Iron Casting
39:12 Crop Rotation
39:03 Winged Hussar
40:57 Ballistics
41:12 Conscription
41:01 Bracer
42:01 Blast Furnace
42:42 Chemistry
41:53 Masonry
44:23 Lechitic Legacy
50:15 Hoardings
49:10 Heavy Cavalry Archer
57:32 Capped Ram
65:24 Siege Ram
Connection lost

Rejoining the realm…

Still unreachable

The connection could not be restored.

Session expired

The server has moved on; the page needs a fresh start.